 Dungeon Crawl Stone Soup version 0.29-a0-870-g2c972031a6 (webtiles) character file.

Game seed: 14216718629423261741

100 nxtlvl the Cutter (level 4, -1/24 HPs)
             Began as a Deep Elf Monk on July 17, 2022.
             Slain by a centaur (2 damage)
             ... on level 4 of the Dungeon.
             The game lasted 00:08:24 (1117 turns).

nxtlvl the Cutter (Deep Elf Monk)                   Turns: 1117, Time: 00:08:25

Health: -1/24      AC:  2    Str:  8    XL:     4   Next: 47%
Magic:  6/6        EV: 13    Int: 17    God:
Gold:   141        SH:  0    Dex: 17    Spells: 3/3 levels left

rFire   . . .      SeeInvis .   a - +0 rapier
rCold   . . .      Faith    .   (no shield)
rNeg    . . .      Spirit   .   g - +0 robe
rPois   .          Reflect  .   (no helmet)
rElec   .          Harm     .   (no cloak)
rCorr   .          Rampage  .   (no gloves)
Will    .....                   (no boots)
Stlth   ++........              (no amulet)
HPRegen 0.08/turn               (no ring)
MPRegen 0.10/turn               (no ring)

@: attractive, hasted, very quick
A: frail 1
a: no special abilities


You were on level 4 of the Dungeon.
You visited 1 branch of the dungeon, and saw 4 of its levels.

You collected 141 gold pieces.

Inventory:

Hand Weapons
 a - a +0 rapier (weapon)
 b - a +2 sling of flaming
Missiles
 j - 5 stones
Armour
 g - a +0 robe (worn)
Magical Staves
 w - a staff of fire
Jewellery
 l - a ring of wizardry
Scrolls
 d - a scroll of poison {unknown}
 e - a scroll of brand weapon {unknown}
 f - a scroll of vulnerability {unknown}
 m - a scroll of torment {unknown}
 n - a scroll of identify {unknown}
 p - 2 scrolls of enchant armour {unknown}
 q - a scroll of amnesia {unknown}
 s - a scroll of magic mapping {unknown}
 u - a scroll of noise {unknown}
Potions
 h - 2 potions of haste
 i - a potion of resistance {unknown}
 k - a potion of curing
 r - 2 potions of attraction
 v - a potion of magic {unknown}


   Skills:
 - Level 2.4 Fighting
 * Level 5.3 Short Blades
 - Level 3.6 Dodging
 - Level 2.4 Stealth


You had 3 spell levels left.
You didn't know any spells.
Your spell library was empty.

Dungeon Overview and Level Annotations

Branches:
Dungeon (4/15)
 Temple: D:4-7

Altars:
Zin

Annotations:
D:4 exclusion: upstairs, Grinder


Innate Abilities, Weirdness & Mutations

You are frail. (-10% HP)


Message History

The centaur misses you. The centaur barely misses you.
You barely miss the centaur.
The centaur is lightly wounded.
The centaur barely misses you. The centaur closely misses you.
You hit the centaur.
The centaur is lightly wounded.
You hit the centaur but do no damage.
The centaur is lightly wounded.
The centaur hits you.
The centaur kicks you but does no damage.
You barely miss the centaur.
The centaur is lightly wounded.
The centaur hits you. The centaur misses you.
You hit the centaur.
The centaur is moderately wounded.
The centaur closely misses you. x2
You hit the centaur.
The centaur is moderately wounded.
The centaur misses you. The centaur closely misses you.
You hit the centaur.
The centaur is severely wounded.
The centaur barely misses you. The centaur kicks you.
You completely miss the centaur.
The centaur is severely wounded.
The centaur completely misses you. The centaur closely misses you.
You hit the centaur.
The centaur is severely wounded.
The centaur closely misses you. The centaur barely misses you.
You hit the centaur but do no damage.
The centaur is severely wounded.
The centaur hits you. The centaur kicks you.
* * * LOW HITPOINT WARNING * * *
You hit the centaur but do no damage.
The centaur is severely wounded.
You closely miss the centaur.
The centaur is severely wounded.
The centaur hits you.
* * * LOW HITPOINT WARNING * * *
The centaur kicks you.
You die...

##.#######
############........#
#..)..#.....#######.#
#..#c.#..#.## #.#
#..#..#..#.# ####.#
#c.#..#..#.# #....#
#.##.##)##<# #.######
..#..#.†#.## #.##....
#..#.S#@.#.## ##.##.###
#.S#.)#†c#..####........
#.)...#........##.###
########.######.##.#
#..# #.# #.##.#
#..#####.######.##.#
#..................#
##.################# #.#


You could see a centaur.

Vanquished Creatures
  A jelly (D:4)
  An adder (D:4)
  A gnoll (D:4)
  3 orcs (D:3)
  3 endoplasms
  8 giant cockroaches
  4 goblins
  2 hobgoblins (D:3)
  3 jackals (D:2)
  5 kobolds
  3 quokkas
  5 ball pythons
  A bat (D:2)
  A frilled lizard (D:2)
  4 rats
45 creatures vanquished.

Notes
Turn   | Place    | Note
-------+----------+-------------------------------------------
     0 | D:1      | nxtlvl the Deep Elf Monk began the quest for the Orb.
     0 | D:1      | Reached XP level 1. HP: 13/13 MP: 3/3
   103 | D:1      | Reached XP level 2. HP: 18/18 MP: 4/4
   315 | D:2      | Reached skill level 4 in Short Blades
   449 | D:2      | Found a faded altar of an unknown god.
   485 | D:2      | Reached XP level 3. HP: 11/22 MP: 5/5
   724 | D:3      | Found a glowing silver altar of Zin.
   892 | D:4      | Reached skill level 5 in Short Blades
   892 | D:4      | Reached XP level 4. HP: 27/27 MP: 6/6
   925 | D:4      | Noticed Grinder
  1079 | D:4      | Noticed a centaur
  1101 | D:4      | Gained mutation: You are frail. (-10% HP) [potion of
                  | mutation]
  1117 | D:4      | HP: 1/24 [centaur (4)]
  1117 | D:4      | Slain by a centaur

Illustrated notes

Levels and vault maps discovered:
D:1:      dpeg_arrival_another_circle, layout_basic, minmay_shallow_snake_nest
D:2:      layout_loops_ring, shapermc_ecumenical_altar_mp_vishouse
D:3:      layout_basic, lightli_temple_of_fire, mainiacjoe_overflow_boulevard,
          lemuel_zombie_altar_yredelemnul, zin_academy, uniq_crazy_yiuf_cottage
D:4:      minmay_angry_zag, layout_loops_ring, uniq_natasha, uniq_grinder

Skill      XL: |  1  2  3 |
---------------+----------+-----
Short Blades   | 4 5 |  5.3
Fighting       | |  2.4
Dodging        | |  3.6
Stealth        | |  2.4

Action                   |  1- 3 |  4- 6 || total
-------------------------+-------+-------++-------
Melee: Short sword       |    48 |       ||    48
       Punch             |     1 |       ||     1
       Rapier            |     7 |    28 ||    35
 Fire: Sling             |    50 |     8 ||    58
  Use: Potion            |       |     6 ||     6
Armor: Robe              |    11 |     2 ||    13
Dodge: Dodged            |    32 |    36 ||    68

Table legend: (Time is in decaauts)
 A = Elapsed time spent in this place.
 B = Non-inter-level travel time spent in this place.
 C = Inter-level travel time spent in this place.
 D = Time resting spent in this place.
 E = Time spent auto-exploring this place.
 F = Levels seen in this place.
 G = Mean time per level.
                   A        B        C        D        E       F      G
               +--------+--------+--------+--------+--------+-----+--------+
         Total |   1117 |   1100 |     17 |      0 |     53 |   4 |  279.2 |
       Dungeon |   1117 |   1100 |     17 |      0 |     53 |   4 |  279.2 |
               +--------+--------+--------+--------+--------+-----+--------+

Top non-repeatable levels by time:
     D:2: 350 daAuts
     D:4: 263 daAuts
     D:1: 261 daAuts
     D:3: 241 daAuts
